 Dungeon Crawl Stone Soup version 0.30-a0-170-g85af917532 (webtiles) character file.

Game seed: 828944132588785362

61 qw the Chopper (level 4, -2/28 HPs)
             Began as a Gargoyle Fighter on Sept 30, 2022.
             Slain by a gnoll
             ... wielding a +0 halberd
              (7 damage)
             ... on level 2 of the Dungeon.
             The game lasted 00:00:39 (1550 turns).

qw the Chopper (Gargoyle Fighter)                   Turns: 1550, Time: 00:00:39

Health: -2/28      AC: 11    Str: 21    XL:     4   Next: 7%
Magic:  4/4        EV:  9    Int:  9    God:
Gold:   60         SH:  4    Dex:  9    Spells: 3/3 levels left

rFire   . . .      SeeInvis .    Y - +0 war axe
rCold   . . .      Faith    .    c - +0 buckler
rNeg    + . .      Spirit   .    b - +0 scale mail
rPois   inf        Reflect  .    (no helmet)
rElec   +          Harm     .    (no cloak)
rCorr   .          Rampage  .    (no gloves)
Will    .....                    h - +0 pair of boots
Stlth   ..........               (no amulet)
HPRegen 0.09/turn                (no ring)
MPRegen 0.09/turn                (no ring)

@: about to teleport
A: sickness immunity, AC +3, negative energy resistance 1, electricity
resistance, torment resistance 1, petrification resistance
a: no special abilities


You were on level 2 of the Dungeon.
You visited 1 branch of the dungeon, and saw 2 of its levels.

You collected 60 gold pieces.


Innate Abilities, Weirdness & Mutations

You are immune to sickness and miasma.
Your stone body is resilient. (AC +3)
You are immune to poison.
You resist negative energy. (rN+)
You are resistant to electric shocks. (rElec)
You are resistant to unholy torment.
You are immune to petrification.


   Skills:
 - Level 3.2 Fighting
 + Level 3.8 Axes
 - Level 3.2 Armour
 - Level 3.2 Shields


You had 3 spell levels left.
You didn't know any spells.
Your spell library was empty.

Inventory:

Hand Weapons
 i - a +0 flail
 Y - a +0 war axe (weapon)
Armour
 b - a +0 scale mail (worn)
 c - a +0 buckler (worn)
 h - a +0 pair of boots (worn)
 m - the +4 robe of Gopufaim {rC+}
   (You found it on level 2 of the Dungeon)

   rC:        It protects you from cold.
Scrolls
 e - a scroll of fear {unknown}
 j - a scroll of enchant weapon {unknown}
 k - a scroll of identify
Potions
 d - 2 potions of might
 f - a potion of curing {unknown}
 g - a potion of resistance {unknown}
 l - a potion of flight {unknown}

Dungeon Overview and Level Annotations

Branches:
Dungeon (2/15)

Altars:
Kikubaaqudgha

Shops:
D:2 (


Message History

You see here a +0 club.
You hit the gnoll but do no damage. The gnoll hits you but does no damage.
The gnoll closely misses you.
You barely miss the gnoll. The gnoll hits you but does no damage.
You hit the gnoll.
The gnoll is moderately wounded.
The gnoll hits you from afar with a +0 halberd.
The gnoll barely misses you. You block the gnoll's attack.
The gnoll barely misses you.
You barely miss the gnoll.
The gnoll is moderately wounded.
The gnoll shouts!
The gnoll completely misses you. The gnoll hits you with a +0 halberd.
You hit the gnoll but do no damage.
The gnoll is moderately wounded.
The gnoll hits you but does no damage. The gnoll barely misses you.
You hit the gnoll.
The gnoll is heavily wounded.
The gnoll hits you from afar with a +0 halberd.
The gnoll closely misses you. The gnoll hits you but does no damage.
The gnoll barely misses you.
You hit the gnoll.
The gnoll is almost dead.
The gnoll closely misses you. The gnoll barely misses you.
You closely miss the gnoll.
The gnoll is almost dead.
The gnoll hits you but does no damage. The gnoll hits you with a +0 halberd!
You closely miss the gnoll.
The gnoll is almost dead.
The gnoll misses you. The gnoll hits you but does no damage.
The gnoll hits you with a +0 halberd. The gnoll completely misses you.
1549 ||| READING scroll of teleportation.
As you read the scroll of teleportation, it crumbles to dust.
You feel strangely unstable. You block the gnoll's attack.
The gnoll misses you.
You hit the gnoll but do no damage.
The gnoll is almost dead.
The gnoll hits you from afar with a +0 halberd!
You die...

#.# #.# . #.# #.#
#.# ##.########.
##.###...........
#..........#####
#..###...#.#
#......###.#########
#..#######..........
####
#.........<.@g#####
#... #..#######.##.#
###.## #####..# #.#
g# #..... #......#
#.# g# #.#.##
#.###..### #.# ..
#.#.# #.##.....# #.#
.. #.#.# #.##.#.#.#
..# ... #.#.##
#......#.# ## .#$
#.#... ###......##.
#.###.


You could see 3 gnolls.

Vanquished Creatures
  A gnoll (D:2)
  An adder (D:2)
  A worm (D:2)
  3 bats
  6 endoplasms
  5 goblins (D:1)
  4 hobgoblins (D:1)
  A quokka (D:2)
  4 ball pythons
  2 frilled lizards (D:1)
  7 kobolds
  4 rats
39 creatures vanquished.

Vanquished Creatures (others)
  3 fungi (D:1)
3 creatures vanquished.

Grand Total: 42 creatures vanquished

Notes
Turn   | Place    | Note
-------+----------+-------------------------------------------
     0 | D:1      | qw the Gargoyle Fighter began the quest for the Orb.
     0 | D:1      | Reached XP level 1. HP: 14/14 MP: 1/1
     0 | D:1      | 0 ||| qw: Version: 0.2-a-12-gaebbb33
     0 | D:1      | 0 ||| qw: Game counter: 1561
     0 | D:1      | 0 ||| qw: Always use a shield: true
     0 | D:1      | 0 ||| qw: God list: Okawaru
     0 | D:1      | 0 ||| qw: Allow faded altars: false
     0 | D:1      | 0 ||| qw: Do Orc after D:15 true
     0 | D:1      | 0 ||| qw: Do second Lair branch before Depths: true
     0 | D:1      | 0 ||| qw: Lair rune preference: random
     0 | D:1      | 0 ||| qw: Plans: Normal, Zot:1-4, God:TSO, Crypt, Tomb,
                  | Pan, Slime:5, Hells, Abyss, Orb
     0 | D:1      | 0 ||| PLANNING D:1-11
    78 | D:1      | 78 ||| Stepping ~*~*~tactically~*~*~ (stealth).
    95 | D:1      | Reached XP level 2. HP: 19/19 MP: 2/2
   117 | D:1      | 117 ||| Stepping ~*~*~tactically~*~*~ (stealth).
   118 | D:1      | 118 ||| Stepping ~*~*~tactically~*~*~ (stealth).
   247 | D:1      | 247 ||| DROPPING +0 club.
   259 | D:1      | 259 ||| Stepping ~*~*~tactically~*~*~ (stealth).
   260 | D:1      | 260 ||| Stepping ~*~*~tactically~*~*~ (stealth).
   354 | D:1      | 354 ||| Stepping ~*~*~tactically~*~*~ (stealth).
   498 | D:1      | Found a faded altar of an unknown god.
   506 | D:1      | Reached skill level 3 in Axes
   536 | D:1      | 536 ||| Stepping ~*~*~tactically~*~*~ (stealth).
   541 | D:1      | Reached XP level 3. HP: 15/23 MP: 3/3
   934 | D:1      | 934 ||| UPGRADING to +0 pair of boots.
   939 | D:1      | 939 ||| READING scroll labelled RIQUPH QYNWA.
   940 | D:1      | 940 ||| READING scroll labelled YPRUOSU MISTRIR.
   945 | D:1      | 945 ||| READING 3 scrolls labelled MEGAVUANNASCH.
  1046 | D:1      | 1046 ||| READING scroll labelled LEUTEU ROJE.
  1047 | D:1      | 1047 ||| DROPPING 2 scrolls of silence.
  1059 | D:2      | Found an ancient bone altar of Kikubaaqudgha.
  1162 | D:2      | Found Buha Suu's Antique Weapon Boutique.
  1200 | D:2      | 1200 ||| DROPPING +0 mace.
  1295 | D:2      | 1295 ||| Stepping ~*~*~tactically~*~*~ (stealth).
  1296 | D:2      | 1296 ||| Stepping ~*~*~tactically~*~*~ (stealth).
  1297 | D:2      | 1297 ||| Stepping ~*~*~tactically~*~*~ (stealth).
  1510 | D:2      | Identified the +4 robe of Gopufaim {rC+}
  1533 | D:2      | 1533 ||| Stepping ~*~*~tactically~*~*~ (hiding).
  1539 | D:2      | Reached XP level 4. HP: 26/28 MP: 4/4
  1548 | D:2      | HP: 5/28 [gnoll/+0 halberd (5)]
  1549 | D:2      | 1549 ||| READING scroll of teleportation.
  1550 | D:2      | Slain by a gnoll

Levels and vault maps discovered:
D:1:      dpeg_arrival_boxes_within_box, layout_rooms,
          shapermc_ecumenical_altar_rom_forum, minmay_misc_feat_rows
D:2:      layout_loops_ring, basic_altar, serial_shops,
          nicolae_shop_overgrown_old_shop

Skill      XL: |  1  2 |
---------------+-------+-----
Axes           | 2 3 |  3.8
Fighting       | |  3.2
Armour         | |  3.2
Shields        | |  3.2

Action                   |  1- 3 |  4- 6 || total
-------------------------+-------+-------++-------
Melee: War axe           |   100 |    10 ||   110
  Use: Scroll            |     4 |     1 ||     5
Armor: Scale mail        |    35 |     7 ||    42
Dodge: Dodged            |    42 |    13 ||    55
Block: Buckler           |    23 |     2 ||    25

Table legend:
 A = Non-vault XP
 B = Vault XP
 C = Vault XP percentage of total XP
 D = Non-vault monster count
 E = Vault monster count
 F = Vault count percentage of total count
                 A         B        C        D         E       F
            +---------+---------+-------+---------+---------+-------
      Total |      88 |       0 |   0.0 |      39 |       0 |   0.0
            +---------+---------+-------+---------+---------+-------
        D:1 |      40 |       0 |   0.0 |      26 |       0 |   0.0
        D:2 |      48 |       0 |   0.0 |      13 |       0 |   0.0
            +---------+---------+-------+---------+---------+-------
